 Dungeon Crawl Stone Soup version 0.28.0-53-g5a82cb258f (webtiles) character file.

Game seed: 8623333359677584566

163 clackabat the Slasher (level 5, -4/41 HPs)
             Began as a Barachi Fighter on July 14, 2022.
             Was an Initiate of Cheibriados.
             Slain by a hound (5 damage)
             ... on level 4 of the Dungeon.
             The game lasted 00:06:46 (3195 turns).

clackabat the Slasher (Barachi Fighter)             Turns: 3195, Time: 00:06:47

Health: -4/41      AC:  6    Str: 18    XL:     5   Next: 44%
Magic:  5/5        EV: 13    Int: 11    God:    Cheibriados [......]
Gold:   123        SH:  4    Dex: 13    Spells: 4/4 levels left

rFire   . . .      SeeInvis .   a - +0 long sword
rCold   . . .      Faith    .   c - +0 buckler
rNeg    . . .      Spirit   .   b - +0 scale mail
rPois   .          Reflect  .   i - +0 hat
rElec   .          Harm     .   (no cloak)
rCorr   .          Rampage  .   (no gloves)
Will    .....                   (no boots)
Stlth   ..........              (no amulet)
HPRegen 0.13/turn               d - ring of flight
MPRegen 0.09/turn               k - +4 ring of evasion

@: flying, very slow
A: amphibious, slowness 1, strong legs 1, +LOS
a: Hop, Renounce Religion


You were on level 4 of the Dungeon.
You worshipped Cheibriados.
Cheibriados was noncommittal.
You visited 1 branch of the dungeon, and saw 4 of its levels.

You collected 123 gold pieces.

Inventory:

Hand Weapons
 a - a +0 long sword (weapon)
Missiles
 j - 5 javelins (quivered)
 r - 4 poisoned darts
 t - 4 curare-tipped darts
Armour
 b - a +0 scale mail (worn)
 c - a +0 buckler (worn)
 i - a +0 hat (worn)
 o - a +0 chain mail
Jewellery
 d - a ring of flight (left hand)
 k - a +4 ring of evasion (right hand)
 m - a +6 ring of dexterity
Wands
 w - a wand of flame (8)
Scrolls
 e - 2 scrolls of vulnerability {unknown}
 f - 2 scrolls of identify {unknown}
 g - 2 scrolls of summoning {unknown}
 h - a scroll of magic mapping {unknown}
 p - a scroll of brand weapon {unknown}
 q - 3 scrolls of enchant armour {unknown}
 s - 2 scrolls of teleportation {unknown}
 v - a scroll of amnesia {unknown}
 x - a scroll of immolation {unknown}
Potions
 l - a potion of brilliance {unknown}
 n - a potion of mutation {unknown}
 u - a potion of heal wounds {unknown}


   Skills:
 - Level 3.6 Fighting
 * Level 5.9 Long Blades
 + Level 2.2 Throwing
 - Level 3.6 Armour
 - Level 3.2 Shields


You had 4 spell levels left.
You didn't know any spells.
Your spell library contained the following spells:

 Spells                   Type           Power      Damage    Failure   Level
 Corpse Rot               Necr/Air       0%         N/A       91%         2
 Poisonous Vapours        Pois/Air       0%         N/A       91%         2


Dungeon Overview and Level Annotations

Branches:
Dungeon (4/15)
 Temple: D:4-7

Altars:
Cheibriados

Shops:
D:2 (


Innate Abilities, Weirdness & Mutations

You are amphibious.
You cover ground slowly.
You can hop short distances.
You have an extended range of vision and can be seen from far away.


Message History

You barely miss the howler monkey.
The hound barks!
You hear a shout!
The howler monkey hoots and howls with incredible vigour!
An ogre comes into view. It is wielding a +0 giant club.
The howler monkey completely misses you.
The kobold hits you with a +0 short sword.
You hear a shout! x3
The howler monkey hoots and howls with incredible vigour!
You hear a shout!
The kobold closely misses you. The howler monkey misses you.
The howler monkey hits you but does no damage.
The kobold hits you but does no damage. The howler monkey barely misses you.
You block the howler monkey's attack. The kobold barely misses you.
The howler monkey hoots and howls with incredible vigour!
The kobold hits you with a +0 short sword.
You hit the kobold but do no damage. You block the kobold's attack.
You miss the hound.
The hound bites you but does no damage. x2
The kobold completely misses you.
You hit the hound but do no damage. The hound bites you but does no damage.
You block the kobold's attack. The hound misses you.
You closely miss the hound. The hound closely misses you.
The kobold hits you with a +0 short sword.
The hound misses you.
You hit the ogre.
The ogre is moderately wounded.
The kobold hits you with a +0 short sword.
The ogre hits you with a +0 giant club!!
Ouch! That really hurt!
* * * LOW HITPOINT WARNING * * *
The hound bites you.
* * * LOW HITPOINT WARNING * * *
You block the hound's attack. The hound bites you but does no damage.
The ogre hits you with a +0 giant club.
* * * LOW HITPOINT WARNING * * *
You block the kobold's attack. The hound bites you.
* * * LOW HITPOINT WARNING * * *
A scorpion comes into view.
You block the ogre's attack. The hound bites you.
You die...

#........................##..
#....................###.....
##.....#............####.....
####...............###......
##.....>...##...........(.
#...........##............
#.......#...##............ ###
####...#..##K.#.s...........
#...#.....##...@Oh..######......
#..(............h.÷...# ##.....
#.............##......# .....
####...........#.....<### ...#.
####.....≈≈≈.........# .#.##
###.#≈≈≈≈≈....#.......#..
###≈≈.≈≈###.#........... #≈≈≈≈≈#
#........... ##≈≈≈##
#..#.#......


You could see an ogre, a scorpion, a howler monkey, a hound and a kobold.

Vanquished Creatures
  An orc wizard (D:3)
  7 adders
  2 worms (D:2)
  5 dart slugs
  4 orcs (D:3)
  2 endoplasms
  3 giant cockroaches
  5 goblins
  4 hobgoblins
  4 quokkas
  4 ball pythons
  7 bats
  2 frilled lizards (D:3)
  5 kobolds
  5 rats
60 creatures vanquished.

Notes
Turn   | Place    | Note
-------+----------+-------------------------------------------
     0 | D:1      | clackabat the Barachi Fighter began the quest for the Orb.
     0 | D:1      | Reached XP level 1. HP: 18/18 MP: 1/1
    53 | D:1      | Reached skill level 3 in Long Blades
    97 | D:1      | Reached XP level 2. HP: 21/24 MP: 2/2
   498 | D:2      | Reached skill level 4 in Long Blades
   538 | D:2      | Reached XP level 3. HP: 29/29 MP: 3/3
   593 | D:2      | HP: 1/29 [worm (5)]
   595 | D:2      | Reached skill level 1 in Throwing
  1164 | D:2      | Reached XP level 4. HP: 36/36 MP: 4/4
  1425 | D:2      | Found Ineevimne's Antique Weapon Shop.
  1469 | D:2      | Found a faded altar of an unknown god.
  1756 | D:3      | Reached skill level 5 in Long Blades
  2375 | D:3      | Reached XP level 5. HP: 32/41 MP: 5/5
  3006 | D:4      | Found a snail-covered altar of Cheibriados.
  3030 | D:4      | Became a worshipper of Cheibriados the Contemplative
  3179 | D:4      | Noticed an ogre
  3194 | D:4      | HP: 2/41 [ogre/+0 giant club (2)]
  3195 | D:4      | Slain by a hound

Illustrated notes

Levels and vault maps discovered:
D:1:      mainiacjoe_arrival_reflecting_pool, layout_rooms
D:2:      layout_basic, shapermc_ecumenical_altar_totnotflames, serial_shops,
          nicolae_shop_advertising_works [nicolae_subvault_shop_adworks]
D:3:      layout_rooms
D:4:      layout_cave_pools, kennysheep_slug_shrine

Skill      XL: |  1  2  3  4  5 |
---------------+----------------+-----
Long Blades    | 3 4 5 |  5.9
Throwing       | 1 2 |  2.2
Fighting       | |  3.6
Armour         | |  3.6
Shields        | |  3.2

Action                   |  1- 3 |  4- 6 || total
-------------------------+-------+-------++-------
Melee: Long sword        |    89 |   106 ||   195
Throw: Javelin           |     2 |    11 ||    13
 Abil: Hop               |     1 |       ||     1
  Use: Potion            |     1 |       ||     1
Armor: Scale mail        |    48 |    40 ||    88
Dodge: Dodged            |    39 |    87 ||   126
Block: Buckler           |    23 |    33 ||    56
